Map: Nightscape LE

Players

SergeyDertan

  • Race: Zerg Zerg

moneymakerXA

  • Race: Protoss Protoss

Massa - Winner!

  • Race: Terran Terran
  • League: Platinum

qqq - Winner!

  • Race: Zerg Zerg

VOD

Have the link to the VOD?

Description

Time

  • Played on: April 11, 2021, 1:20 p.m.
  • Length: 9:58
Show
View Real Time Build Order
Export as new Build Order

SergeyDertan Zerg 

Build Orders: Hatch First 

Get SALT Encoding   

  12  0:01  Drone  
  13  0:11  Drone  
  14  0:23  Extractor  
  14  0:24  Drone  
  15  0:40  Hatchery  
  14  0:46  Overlord  
  14  1:02  Spawning Pool  
  13  1:06  Drone  
  13  1:07  Extractor  
  13  1:15  Drone  
  14  1:18  Drone  
  14  1:20  Drone  
  16  1:31  Drone  
  17  1:40  Drone  
  18  1:48  Queen  
  18  1:50  Zergling x2  
  21  1:54  Zergling x2  
  21  1:59  Queen  
  24  2:05  Drone  
  24  2:07  Zergling x2  
  26  2:13  Metabolic Boost  
  26  2:38  Drone x2  
  26  2:40  Overlord  
  26  2:43  Overlord  
  28  2:53  Roach Warren  
  28  2:55  Drone  
  28  2:56  Extractor  
  27  3:02  Drone  
  27  3:03  Drone x3  
  30  3:26  Drone x2  
  32  3:27  Lair  
  32  3:29  Drone  
  32  3:30  Drone x3  
  36  3:38  Roach  
  36  3:39  Roach  
  40  3:42  Roach  
  42  3:50  Queen  
  44  4:01  Overlord  
  44  4:05  Overlord  
  44  4:14  Spine Crawler  
  43  4:26  Roach x3  
  43  4:27  Roach x3  
  55  4:44  Roach  
  55  4:45  Roach  
  55  5:01  Roach x2  
  57  5:24  Roach  
  57  5:25  Overlord x2  
  57  5:26  Overlord x2  
  59  5:36  Drone x2, Extractor  
  60  5:53  Drone  
  60  5:54  Drone x9, Extractor  
  69  6:10  Hatchery, Spore Crawler x2  
  66  6:19  Evolution Chamber  
  66  6:21  Evolution Chamber  
  64  6:41  Drone x2  
  66  6:51  Hydralisk Den, Infestation Pit  
  64  6:54  Drone x3  
  64  6:55  Drone x2  
  64  6:56  Drone x3  
  64  6:58  Drone x3  
  75  7:23  Zerg Missile Weapons Level 1, Hydralisk, Zerg Ground Armor Level 1  
  75  7:24  Hydralisk x6, Spore Crawler  
  75  7:25  Hydralisk  
  75  7:28  Extractor  
  89  7:30  Extractor, Baneling Nest  
  89  7:33  Muscular Augments  
  87  7:43  Queen  
  89  7:45  Drone x4  
  93  8:07  Overseer x2  
  91  8:38  Hydralisk  
  91  8:39  Hydralisk x3  
  91  8:40  Hydralisk  
  96  8:44  Grooved Spines  
  96  8:48  Overlord x8  
  89  9:15  Hydralisk  
  89  9:16  Hydralisk x8  
Show
View Real Time Build Order
Export as new Build Order

moneymakerXA Protoss 

Build Orders: Blink Stalkers 

Get SALT Encoding   

  12  0:00  Probe  
  13  0:15  Pylon  
  13  0:17  Probe  
  14  0:29  Probe  
  15  0:37  Gateway  
  15  0:41  Probe (Chrono Boost)  
  16  0:51  Probe (Chrono Boost)  
  16  0:56  Probe (Chrono Boost)  
  17  1:02  Assimilator  
  18  1:07  Probe (Chrono Boost)  
  19  1:19  Probe (Chrono Boost)  
  19  1:25  Cybernetics Core  
  20  1:27  Probe (Chrono Boost)  
  20  1:30  Pylon  
  21  1:34  Probe  
  21  1:37  Assimilator  
  22  1:41  Gateway  
  22  1:46  Probe  
  23  1:58  Probe  
  24  2:01  Warp Gate  
  24  2:03  Adept  
  26  2:19  Nexus  
  26  2:41  Probe  
  26  2:43  Adept x2  
  31  2:48  Twilight Council  
  31  2:53  Probe  
  31  3:09  Robotics Facility  
  31  3:13  Pylon  
  31  3:31  Stalker  
  31  3:32  Probe x2  
  31  3:33  Pylon  
  35  3:36  Pylon  
  35  3:44  Probe x2  
  35  3:45  Blink (Chrono Boost)  
  37  3:54  Forge  
  37  4:07  Immortal  
  41  4:17  Shield Battery  
  41  4:21  Shield Battery  
  41  4:35  Protoss Ground Weapons Level 1 (Chrono Boost)  
  41  4:37  Adept  
  43  4:38  Adept  
  39  5:05  Adept x2  
  39  5:14  Shield Battery  
  39  5:18  Probe x2  
  39  5:19  Photon Cannon  
  41  5:22  Assimilator  
  41  5:26  Assimilator  
  41  5:28  Gateway  
  41  5:30  Probe x2, Gateway  
  41  5:33  Pylon  
  43  5:41  Observer  
  44  5:48  Robotics Bay  
  44  5:58  Charge, Pylon  
  44  6:01  Shield Battery  
  44  6:02  Stalker  
  44  6:03  Stalker  
  48  6:05  Probe  
  48  6:06  Probe  
  50  6:17  Probe  
  50  6:18  Probe  
  52  6:29  Probe  
  52  6:30  Probe  
  54  6:41  Probe  
  54  6:42  Probe  
  54  6:44  Stalker  
  54  6:45  Nexus  
  58  6:48  Pylon  
  58  6:53  Probe  
  59  7:05  Extended Thermal Lance  
  59  7:06  Colossus  
  65  7:09  Probe x2  
  67  7:19  Stargate  
  67  7:21  Probe  
  67  7:22  Probe  
  69  7:35  Assimilator  
  69  7:38  Probe x2  
  69  7:39  Assimilator  
  69  7:41  Photon Cannon  
  69  7:43  Shield Battery  
  70  7:46  Photon Cannon  
  70  7:50  Probe x2, Gateway  
  72  7:54  Gateway  
  72  8:00  Probe  
  72  8:02  Probe x2  
  75  8:08  Void Ray  
  75  8:12  Probe  
  76  8:14  Probe x2  
  82  8:32  Stalker x2  
  82  8:33  Stalker x2  
  74  9:12  Stalker  
  74  9:13  Stalker x5  
  66  9:48  Stalker x4  
  66  9:49  Stalker x2  
Show
View Real Time Build Order
Export as new Build Order

Massa Terran - Winner!

Build Orders:  

Get SALT Encoding   

  12  0:03  SCV  
  13  0:15  SCV  
  14  0:25  Supply Depot  
  14  0:27  SCV  
  15  0:46  SCV  
  15  0:47  Barracks  
  16  0:52  Refinery  
  16  0:58  SCV  
  17  1:10  SCV  
  18  1:23  SCV  
  19  1:34  Barracks Tech Lab  
  19  1:35  SCV  
  20  1:41  Command Center  
  20  1:47  Orbital Command  
  20  1:52  Supply Depot  
  20  1:59  Marine  
  21  2:07  Barracks  
  21  2:13  SCV  
  22  2:21  Marauder  
  24  2:23  Stimpack  
  24  2:27  SCV  
  25  2:40  SCV  
  26  2:45  Barracks  
  26  2:50  Barracks  
  26  2:55  Barracks Reactor  
  26  2:58  Orbital Command  
  26  3:09  Marauder  
  28  3:20  SCV  
  28  3:25  SCV  
  30  3:30  Marine  
  30  3:32  SCV  
  30  3:33  Supply Depot  
  32  3:35  Engineering Bay  
  32  3:37  Marine x2  
  34  3:42  Marine  
  34  3:43  Marine  
  34  3:44  SCV  
  34  3:48  Marauder  
  39  3:49  SCV  
  39  3:54  Refinery  
  39  3:55  Marine  
  41  3:56  SCV  
  41  4:01  Marine x2  
  44  4:03  Combat Shield  
  44  4:07  Marine  
  44  4:09  SCV, Marauder  
  48  4:10  SCV  
  48  4:13  Marine  
  50  4:19  Marine x2  
  52  4:24  Marine  
  52  4:27  SCV  
  54  4:32  Refinery  
  54  4:35  Supply Depot  
  54  4:50  Marine x2  
  54  4:54  SCV x2  
  54  4:56  Marauder  
  54  4:58  Marine  
  50  5:06  SCV x2  
  49  5:08  Barracks Reactor, Marine x2  
  50  5:17  Command Center  
  50  5:18  SCV x2, Marauder  
  50  5:21  Terran Infantry Weapons Level 1  
  54  5:27  Factory  
  54  5:30  SCV x2  
  54  5:33  Barracks Reactor  
  56  5:38  Engineering Bay  
  56  5:39  Marauder  
  60  5:42  SCV x2  
  60  5:44  Concussive Shells  
  60  5:50  Marine x2  
  62  5:57  Supply Depot  
  62  6:00  Supply Depot  
  62  6:02  Supply Depot  
  62  6:05  Refinery  
  62  6:18  Marine x2  
  62  6:19  SCV x2, Marine x4, Factory Tech Lab  
  62  6:22  Marauder  
  62  6:24  Terran Infantry Armor Level 1  
  72  6:28  Armory  
  72  6:31  Starport, SCV x2  
  74  6:36  Marine x6  
  80  6:43  SCV x2, Marauder  
  84  6:52  Siege Tank  
  87  6:54  Marine x2  
  87  6:55  SCV  
  90  7:02  Orbital Command  
  90  7:04  SCV, Marauder  
  90  7:07  SCV  
  94  7:09  Missile Turret  
  94  7:12  Missile Turret  
  94  7:13  Medivac  
  96  7:16  SCV  
  96  7:17  Marine x4  
  101  7:24  Supply Depot  
  101  7:25  Supply Depot  
  101  7:28  Supply Depot  
  101  7:32  SCV x3, Marauder, Marine x2  
  101  7:34  Refinery  
  101  7:35  Marine  
  101  7:36  Refinery  
  109  7:37  Terran Infantry Weapons Level 2  
  109  7:39  Terran Vehicle And Ship Armor Level 1  
  109  7:45  Marine x3, Medivac  
  109  7:46  Siege Tank  
  109  7:49  Marine x2  
  119  7:53  Marine  
  119  7:54  Marauder  
  122  8:05  Marine x3  
  122  8:06  SCV x3  
  128  8:15  Marauder  
  128  8:18  SCV x2  
  132  8:42  Command Center  
  132  9:00  Marauder, Siege Tank  
  118  9:31  Starport Reactor  
Show
View Real Time Build Order
Export as new Build Order

qqq Zerg - Winner!

Build Orders: Hatch First 

Get SALT Encoding   

  12  0:03  Drone  
  13  0:12  Drone  
  14  0:18  Overlord  
  14  0:49  Hatchery  
  13  0:59  Drone  
  13  1:03  Drone x2  
  16  1:17  Spawning Pool  
  15  1:18  Extractor  
  14  1:27  Drone x2  
  16  1:43  Drone x2  
  18  1:55  Drone  
  19  2:04  Queen x2  
  23  2:12  Drone x2  
  25  2:29  Drone x3  
  28  2:32  Metabolic Boost  
  28  2:35  Overlord  
  28  2:43  Overlord  
  28  2:54  Zergling x6  
  28  2:56  Zergling x2  
  32  3:02  Zergling x2  
  33  3:09  Zergling x2  
  33  3:10  Zergling x2  
  35  3:20  Zergling x4  
  35  3:25  Lair, Evolution Chamber  
  35  3:26  Drone  
  35  3:27  Zergling x4  
  39  3:32  Drone  
  39  3:34  Overlord  
  40  3:37  Zergling x2  
  41  3:50  Drone  
  41  3:52  Drone, Zerg Melee Weapons Level 1  
  41  3:53  Drone x2  
  45  4:10  Hatchery  
  45  4:12  Overlord  
  45  4:14  Zergling x2  
  44  4:28  Drone x3, Roach Warren  
  44  4:29  Drone  
  47  4:33  Drone x2  
  47  4:37  Drone  
  49  4:52  Drone, Zergling x4  
  51  4:53  Drone  
  45  5:07  Drone x2  
  47  5:16  Extractor  
  47  5:17  Extractor, Glial Reconstitution  
  47  5:18  Roach  
  47  5:19  Roach  
  49  5:23  Queen  
  49  5:24  Roach  
  49  5:25  Roach x2  
  57  5:40  Extractor  
  57  5:41  Roach x3  
  62  5:50  Roach x2  
  62  5:51  Overlord x5  
  62  5:52  Overlord  
  66  6:03  Zerg Ground Armor Level 1  
  66  6:12  Overlord, Roach x2  
  66  6:13  Drone x2  
  66  6:14  Roach  
  66  6:15  Roach  
  77  6:18  Drone  
  77  6:20  Drone  
  78  6:31  Drone x2  
  78  6:32  Roach x2  
  84  6:35  Roach  
  86  6:41  Drone  
  86  6:42  Drone, Hydralisk Den  
  86  6:44  Drone  
  88  7:09  Roach x3  
  88  7:10  Drone, Overlord, Roach x2  
  88  7:11  Drone, Roach  
  88  7:12  Roach  
  88  7:14  Roach  
  106  7:25  Overseer  
  106  7:26  Lurker Den  
  105  7:41  Drone x3, Hydralisk  
  105  7:43  Roach  
  112  7:44  Roach  
  112  7:46  Muscular Augments  
  112  7:47  Hatchery  
  113  7:52  Roach x2  
  113  7:53  Drone  
  113  7:54  Drone  
  113  7:55  Drone  
  113  7:57  Drone  
  121  8:01  Drone x2  
  121  8:03  Hydralisk  
  125  8:06  Overlord  
  125  8:08  Drone  
  125  8:11  Hydralisk  
  128  8:13  Drone  
  129  8:24  Lurker, Overlord  
  129  8:25  Overlord x2  
  130  8:42  Hydralisk x4  
  130  8:43  Hydralisk  
  140  8:50  Lurker x2  
  140  8:51  Hydralisk x5  
  140  8:53  Drone  
  140  8:54  Drone  
  154  8:57  Extractor  
  151  9:09  Hydralisk  
  151  9:10  Hydralisk x3  
  156  9:43  Infestation Pit  
Tags
 
Add a new tag
Caveats
  • Supply blocks, unpowered buildings, or Contaminate may cause inaccurate times.
  • Supply counts are checked every 10 seconds.